 Dungeon Crawl Stone Soup version 0.21.0-37-g46506fa (webtiles) character file.

109 nikopol the Firebug (level 4, 0/24 HPs)
             Began as a Deep Elf Fire Elementalist on Jan 31, 2018.
             Succumbed to an adder's poison
             ... on level 2 of the Dungeon on Feb 1, 2018.
             The game lasted 00:08:52 (1697 turns).

nikopol the Firebug (Deep Elf Fire Elementalist)    Turns: 1697, Time: 00:08:53

Health: 0/24       AC:  4    Str:  5    XL:     4   Next: 59%
Magic:  1/12       EV: 13    Int: 21    God:
Gold:   70         SH:  0    Dex: 15    Spells: 5/11 levels left

rFire    . . .     SeeInvis .   j - +2 short sword (elec)
rCold    . . .     Gourm    .   (no shield)
rNeg     . . .     Faith    .   a - +0 robe
rPois    .         Spirit   .   (no helmet)
rElec    .         Reflect  .   (no cloak)
rCorr    .         Harm     .   g - +0 pair of gloves
MR       .....                  m - +0 pair of boots
Stlth    ++........             (no amulet)
HPRegen  0.08/turn              (no ring)
MPRegen  0.13/turn              (no ring)

@: lethally poisoned (0 -> -3)
A: no striking features
a: no special abilities


You were on level 2 of the Dungeon.
You were not hungry.

You visited 1 branch of the dungeon, and saw 3 of its levels.

You collected 70 gold pieces.

Inventory:

Hand Weapons
 e - a +0 short sword
 j - a +2 short sword of electrocution (weapon)
Armour
 a - a +0 robe (worn)
 g - a +0 pair of gloves (worn)
 m - a +0 pair of boots (worn)
Scrolls
 h - 2 scrolls of identify
 i - a scroll of noise
 k - 3 scrolls of teleportation
Potions
 n - 2 potions of agility
Books
 b - a book of Flames

   Spells                             Type                      Level
   a - Flame Tongue                   Conjuration/Fire             1
   b - Throw Flame                    Conjuration/Fire             2
   c - Conjure Flame                  Conjuration/Fire             3
   d - Inner Flame                    Hexes/Fire                   3
   e - Sticky Flame                   Conjuration/Fire             4
   f - Fireball                       Conjuration/Fire             5
Comestibles
 c - 4 rations


   Skills:
 + Level 2.6 Dodging
 + Level 3.4 Stealth
 + Level 4.1 Spellcasting
 + Level 2.0 Conjurations
 + Level 4.5 Fire Magic


You had 5 spell levels left.
You knew the following spells:

 Your Spells              Type           Power        Failure   Level  Hunger
a - Flame Tongue          Conj/Fire      ###..        3%          1    None
b - Throw Flame           Conj/Fire      ###...       4%          2    #......
c - Conjure Flame         Conj/Fire      ###.....     9%          3    ###....


Dungeon Overview and Level Annotations

Branches:
Dungeon (3/15)

Altars:


Message History

Confirm with . or Enter, or press ? or * to list all spells.
Aiming: Flame Tongue
Press: ? - help, Shift-Dir - straight line, f/p - adder
Aim: an adder (severely wounded)
The flame tongue hits the adder.
You kill the adder!
Your Spellcasting skill increases to level 4!
* * * LOW HITPOINT WARNING * * *
You feel sick. The leopard gecko bites you.
* * * LOW HITPOINT WARNING * * *
Casting: Flame Tongue
Confirm with . or Enter, or press ? or * to list all spells.
Aiming: Flame Tongue
Press: ? - help, Shift-Dir - straight line, f - leopard gecko
Aim: a leopard gecko (clinging)
The flame tongue hits the leopard gecko.
You kill the leopard gecko!
Okay, then.
Okay, then.
You die...

#..######.................
#..## #.........#.#.)...
##..# ##[###.......#.....
##..## #..####..#.........
#....# #.#..........#.....
#....###...#####.......#..
#.....#..#######..........
#...#.....................
#...##...@....##.........#
#.............##.........#
#...##........##.........#
#...#†<.......##.........#
##....†#.......##.........#
##..>...##..######.........#
##..####....## ##.###......
#..## #..### #..#....#...
#.##
###..########.##....#...


There were no monsters in sight!

Vanquished Creatures
  Natasha (twice) (D:2)
  2 adders (D:2)
  A dart slug (D:2)
  A leopard gecko (D:2)
  2 giant cockroaches (D:1)
  6 goblins
  A hobgoblin (D:1)
  6 kobolds
  11 bats
  5 frilled lizards
  7 rats
44 creatures vanquished.

Notes
Turn   | Place    | Note
-------+----------+-------------------------------------------
     0 | D:1      | nikopol the Deep Elf Fire Elementalist began the quest for the Orb.
     0 | D:1      | Reached XP level 1. HP: 10/10 MP: 6/6
   257 | D:1      | Reached XP level 2. HP: 15/15 MP: 6/8
   262 | D:1      | Learned a level 2 spell: Throw Flame
   882 | D:2      | Reached XP level 3. HP: 18/19 MP: 5/9
   887 | D:2      | Learned a level 3 spell: Conjure Flame
  1001 | D:2      | Noticed Natasha
  1039 | D:2      | Killed Natasha
  1298 | D:2      | Noticed Natasha
  1301 | D:2      | Killed Natasha
  1301 | D:2      | Reached XP level 4. HP: 24/24 MP: 2/11
  1686 | D:2      | HP: 1/24 [poisoned by an adder]
  1693 | D:2      | HP: 1/24 [leopard gecko (1)]
  1697 | D:2      | Succumbed to an adder's poison

Skill      XL: |  1  2  3  4 |
---------------+-------------+-----
Fire Magic     | 4 |  4.5
Stealth        | 3 |  3.4
Conjurations   | 2 |  2.0
Spellcasting   | 4 |  4.1
Dodging        | |  2.6

Action                   |  1- 3 |  4- 6 || total
-------------------------+-------+-------++-------
Melee: Short sword       |     1 |       ||     1
 Cast: Flame Tongue      |    56 |    18 ||    74
       Throw Flame       |     3 |     1 ||     4
       Conjure Flame     |     1 |       ||     1
  Use: Scroll            |       |     4 ||     4
       Potion            |       |     1 ||     1
  Eat: Chunk             |     1 |     1 ||     2
Armor: Robe              |     3 |     3 ||     6
Dodge: Dodged            |    13 |    27 ||    40
